 Dungeon Crawl Stone Soup version 0.29-a0-334-gb41bcbb86e (webtiles) character file.

Game seed: 15249129272830274304

350 siradein the Ogre Mage (level 6, -5/53 HPs)
             Began as an Ogre Fire Elementalist on Apr 13, 2022.
             Killed from afar by Blork the orc (7 damage)
             ... with a puff of frost
             ... on level 4 of the Dungeon.
             The game lasted 00:12:09 (3309 turns).

siradein the Ogre Mage (Ogre Fire Elementalist)     Turns: 3309, Time: 00:12:10

Health: -5/53      AC:  4    Str: 13    XL:     6   Next: 60%
Magic:  7/12       EV:  8    Int: 18    God:
Gold:   247        SH:  5    Dex:  9    Spells: 4/13 levels left

rFire   . . .      SeeInvis .   j - +0 flail
rCold   . . .      Faith    .   b - +0 kite shield
rNeg    . . .      Spirit   .   a - +0 robe
rPois   .          Reflect  .   c - +1 hat
rElec   .          Harm     .   (no cloak)
rCorr   .          Rampage  .   (gloves unavailable)
Will    .....                   (boots unavailable)
Stlth   +.........              (no amulet)
HPRegen 0.17/turn               (no ring)
MPRegen 0.13/turn               (no ring)

@: no status effects
A: large, unfitting armour, tough skin 1, mutation resistance 1
a: no special abilities


You were on level 4 of the Dungeon.
You visited 1 branch of the dungeon, and saw 4 of its levels.

You collected 247 gold pieces.

Inventory:

Hand Weapons
 j - a +0 flail (weapon)
Armour
 a - a +0 robe (worn)
 b - a +0 kite shield (worn)
 c - a +1 hat (worn)
Scrolls
 e - 2 scrolls of magic mapping {unknown}
 g - a scroll of enchant weapon {unknown}
 i - a scroll of noise {unknown}
 n - 2 scrolls of teleportation
Potions
 f - 2 potions of lignification
 h - a potion of mutation
 k - a potion of invisibility {unknown}
 l - 4 potions of curing
 m - a potion of berserk rage {unknown}
 o - a potion of cancellation {unknown}


   Skills:
 + Level 3.4 Dodging
 - Level 1.4 Stealth
 + Level 0.2 Shields
 + Level 4.2 Spellcasting
 + Level 2.9 Conjurations
 + Level 4.0 Fire Magic


You had 4 spell levels left.
You knew the following spells:

 Your Spells              Type           Power      Damage    Failure   Level
a - Foxfire               Conj/Fire      64%        2x1d7     9%          1
b - Scorch                Fire           36%        2d6       11%         2
c - Conjure Flame         Conj/Fire      16%        6-21      26%         3
d - Inner Flame           Hex/Fire       10%        N/A       45%         3

Your spell library contained the following spells:

 Spells                   Type           Power      Damage    Failure   Level
 Ignite Poison            Fire/Tmut/Pois 8%         N/A       54%         3
 Mephitic Cloud           Conj/Pois/Air  7%         N/A       58%         3
 Flame Wave               Conj/Fire      16%        2d6       65%         4
 Call Canine Familiar     Summ           3%         N/A       75%         3
 Portal Projectile        Hex/Tloc       6%         N/A       75%         3
 Leda's Liquefaction      Hex/Erth       1%         N/A       98%         4
 Freezing Cloud           Conj/Ice/Air   3%         6-21      100%        5


Dungeon Overview and Level Annotations

Branches:
Dungeon (4/15)
 Temple: D:4-7

Altars:

Shops:
D:4 :

Annotations:
D:3 1 runed translucent door, Crazy Yiuf
D:4 Blork the orc


Innate Abilities, Weirdness & Mutations

You are too large for most types of armour.
You have tough skin. (AC +1)
You are somewhat resistant to further mutation.


Message History

Flames lash Blork the orc.
Blork the orc is moderately wounded.
Blork the orc's fire resistance burns away.
Blork the orc hits you with a +0 battleaxe!
You conjure some foxfire!
Blork the orc barely misses you.
Blork the orc hits your foxfire with a +0 battleaxe!
The foxfire hits Blork the orc.
Blork the orc is burned terribly!
Blork the orc is moderately wounded.
The foxfire hits Blork the orc.
Blork the orc is burned terribly!
Blork the orc is heavily wounded.
Blork the orc hits you with a +0 battleaxe!
Blork the orc screams, "I'll drink your blood!
Soon!"
Blork the orc points at you and mumbles some strange words.
The puff of frost misses you.
You conjure some foxfire!
Blork the orc casts a spell at you. The puff of frost hits you!
The foxfire hits Blork the orc but does no damage.
Blork the orc is heavily wounded.
The foxfire hits Blork the orc.
Blork the orc is burned terribly!
Blork the orc is severely wounded.
You block Blork the orc's attack.
Blork the orc hits you with a +0 battleaxe!
* * * LOW HITPOINT WARNING * * *
Casting: Foxfire (safe; 9% risk of failure)
Confirm with . or Enter, or press ? or * to list all spells.
You conjure some foxfire!
Blork the orc is no longer more vulnerable to fire.
Blork the orc hits you with a +0 battleaxe.
* * * LOW HITPOINT WARNING * * *
Blork the orc hits your foxfire with a +0 battleaxe.
The foxfire hits Blork the orc but does no damage.
Blork the orc is severely wounded.
The foxfire hits Blork the orc.
Blork the orc is severely wounded.
Blork the orc hits you with a +0 battleaxe.
* * * LOW HITPOINT WARNING * * *
Blork the orc gestures at you while chanting.
The puff of frost hits you!
You die...

### #.. #.#
#.# #.#
#######.###
......ยง.o.#
#######@#.#
###.#.#
#..)#.#
#.###.# ##.#
.# #..# .#
#. #.## .#
#. ####.##
###[
#8...8##


You could see Blork the orc (fast).

Vanquished Creatures
  Grinder (D:3)
  A scorpion (D:3)
  A gnoll (D:1)
  3 adders
  A worm (D:2)
  A dart slug (D:1)
  An orc (D:3)
  4 ball pythons
  4 endoplasms
  4 giant cockroaches
  2 goblins (D:2)
  4 hobgoblins
  3 quokkas
  5 bats
  3 frilled lizards
  5 kobolds
  6 rats
49 creatures vanquished.

Vanquished Creatures (others)
  135 foxfires
135 creatures vanquished.

Grand Total: 184 creatures vanquished

Notes
Turn   | Place    | Note
-------+----------+-------------------------------------------
     0 | D:1      | siradein the Ogre Fire Elementalist began the quest for the
                  | Orb.
     0 | D:1      | Reached XP level 1. HP: 16/16 MP: 3/3
    27 | D:1      | Reached skill level 1 in Conjurations
   163 | D:1      | Reached XP level 2. HP: 24/24 MP: 3/5
   534 | D:1      | Found a faded altar of an unknown god.
   651 | D:1      | Reached XP level 3. HP: 21/31 MP: 1/7
   656 | D:1      | Learned a level 2 spell: Scorch
   660 | D:1      | Learned a level 3 spell: Conjure Flame
  1388 | D:2      | Reached XP level 4. HP: 39/39 MP: 4/8
  1634 | D:2      | Learned a level 3 spell: Inner Flame
  1961 | D:3      | Noticed Grinder
  2009 | D:3      | Killed Grinder
  2010 | D:3      | Reached XP level 5. HP: 13/45 MP: 0/11
  2010 | D:3      | Reached XP level 6. HP: 15/53 MP: 0/12
  2267 | D:3      | Found a runed translucent door.
  2268 | D:3      | Noticed Crazy Yiuf
  3278 | D:4      | Found Segate's Book Emporium.
  3279 | D:4      | Gained mutation: You are clumsy. (Dex -2) [potion of
                  | mutation]
  3279 | D:4      | Gained mutation: You are covered in fur. (AC +1) [potion of
                  | mutation]
  3280 | D:4      | Lost mutation: You are clumsy. (Dex -2) [potion of
                  | mutation]
  3280 | D:4      | Lost mutation: You are covered in fur. (AC +1) [potion of
                  | mutation]
  3280 | D:4      | Gained mutation: You are somewhat resistant to further
                  | mutation. [potion of mutation]
  3301 | D:4      | Noticed Blork the orc
  3309 | D:4      | HP: 2/53 [Blork the orc/+0 battleaxe (6)]
  3309 | D:4      | Killed from afar by Blork the orc

Illustrated notes

Levels and vault maps discovered:
D:1:      psy_arrival_spokes, layout_rooms,
          shapermc_ecumenical_altar_totnotflames
D:2:      layout_loops_ring, kennysheep_decorative_pillar
D:3:      layout_basic, minmay_statues_item, uniq_grinder,
          uniq_crazy_yiuf_cottage
D:4:      layout_loops_ring, minmay_temple_entry_nine_rooms,
          hangedman_decor_diamond_cutter, nicolae_stop_n_shop_1,
          uniq_blork_the_orc

Skill      XL: |  1  2  3  4  5  6 |
---------------+-------------------+-----
Conjurations   | 1 2 |  2.9
Dodging        | 2 3 |  3.4
Fire Magic     | 3 4 |  4.0
Spellcasting   | 3 4 |  4.2
Stealth        | |  1.4
Shields        | |  0.2

Action                   |  1- 3 |  4- 6 || total
-------------------------+-------+-------++-------
Melee: Flail             |       |     3 ||     3
 Cast: Foxfire           |    50 |    27 ||    77
       Scorch            |     3 |    10 ||    13
  Use: Potion            |       |     3 ||     3
       Scroll            |       |     4 ||     4
Armor: Robe              |     7 |     9 ||    16
Dodge: Dodged            |    11 |    16 ||    27
Block: Kite shield       |       |     2 ||     2

Table legend: (Time is in decaauts)
 A = Elapsed time spent in this place.
 B = Non-inter-level travel time spent in this place.
 C = Inter-level travel time spent in this place.
 D = Time resting spent in this place.
 E = Time spent auto-exploring this place.
 F = Levels seen in this place.
 G = Mean time per level.
                   A        B        C        D        E       F      G
               +--------+--------+--------+--------+--------+-----+--------+
         Total |   3309 |   3235 |     74 |     12 |   2837 |   4 |  827.2 |
       Dungeon |   3309 |   3235 |     74 |     12 |   2837 |   4 |  827.2 |
               +--------+--------+--------+--------+--------+-----+--------+

Top non-repeatable levels by time:
     D:3: 1476 daAuts
     D:1: 902 daAuts
     D:2: 899 daAuts
     D:4: 30 daAuts
